Hurricanes vs Bruins

Created - Friday, March 11, 2016 at 04:11

Goals
1 2 3 T
Hurricanes 0 2 0 2
Bruins 1 1 1 3
Shots
1 2 3 T
Hurricanes 10 10 7 27
Bruins 6 10 8 24

1st period

1. Bruins , Shea Weber 13 (Leon Draisaitl, Jim Slater) at 12:55

Penalties :
Conor Allen (Bos) for Roughing (Minor) at 2:21, Fedor Tyutin (Car) for Interference (Minor) at 5:04, Conor Allen (Bos) for Holding (Minor) at 7:17, Mike Fisher (Car) for Tripping (Minor) at 13:00, Anze Kopitar (Bos) for Holding (Minor) at 14:13, Thomas Hickey (Car) for Slashing (Minor) at 19:25

2nd period

2. Bruins , Matt Duchene 19 (Tommy Wingels, Shea Weber) at 0:14 (PP)
3. Hurricanes , Mike Fisher 20 (Jared Spurgeon) at 5:58
4. Hurricanes , Marian Gaborik 49 (Mike Fisher, Stephane Robidas) at 10:34

Penalties :
Shea Weber (Bos) for Hooking (Minor) at 11:29, Mikhail Grabovski (Car) for Roughing (Minor) at 19:26

3rd period

5. Bruins , Tommy Wingels 12 (Matt Duchene) at 0:35 (PP)

Penalties :
Eric Staal (Car) for Cross-checking (Minor) at 2:02, Kris Versteeg (Car) for Slashing (Minor) at 4:45, Shea Weber (Bos) for Interference (Minor) at 13:57, Shea Weber (Bos) for Roughing (Minor) at 17:08

Goalie Stats

Jonas Hiller (Car), 21 saves from 24 shots - (0.875), L, 24-30-5, 59:06 minutes
Semyon Varlamov (Bos), 25 saves from 27 shots - (0.926), W, 25-23-5, 60:00 minutes

Players Stats for Hurricanes

Player Name              G  A  P  +/- PIM S  H  SB GA TA FO     MP     PP MP  PK MP  
------------------------------------------------------------------------------------
Brian Flynn              0  0  0  -1  0   0  0  2  1  2  8/16   12:02   0:00   4:35 
Eric Staal               0  0  0   0  2   1  0  0  1  0  8/14   16:23   5:49   0:00 
Fedor Tyutin             0  0  0   0  2   2  0  0  0  2  0/0    19:32   2:03   4:06 
Jared Spurgeon           0  1  1   1  0   2  2  2  1  3  0/0    26:22   5:29   4:15 
Jiri Hudler              0  0  0   0  0   3  0  0  1  1  1/3    18:06   6:03   0:00 
Josh Bailey              0  0  0   2  0   1  0  0  0  0  1/1    15:50   5:05   0:00 
Kris Versteeg            0  0  0   0  2   0  1  0  0  0  0/0    16:28   5:49   0:00 
Marco Scandella          0  0  0   0  0   4  1  2  0  0  0/0    13:20   3:36   0:47 
Marian Gaborik           1  0  1   2  0   4  0  0  1  0  0/2    17:32   5:19   0:00 
Martin Hanzal            0  0  0   0  0   3  3  0  1  1  6/12   14:00   0:00   4:33 
Matt Read                0  0  0   0  0   0  2  0  1  0  0/0    14:00   0:00   4:33 
Mike Fisher              1  1  2   2  2   3  3  1  5  1  11/20  16:45   5:19   0:00 
Mike Weaver              0  0  0   0  0   0  0  2  0  2  0/0    18:07   0:00   5:15 
Mikhail Grabovski        0  0  0   0  2   1  0  0  2  0  1/1     9:12   0:00   0:00 
Stephane Robidas         0  1  1   1  0   3  3  0  0  1  0/0    22:30   5:08   3:53 
Stephen Gionta           0  0  0  -1  0   0  1  0  2  0  0/0    12:02   0:00   4:35 
Thomas Hickey            0  0  0   0  2   0  1  2  0  0  0/0    20:17   6:00   0:00 
Viktor Stalberg          0  0  0  -1  0   0  1  0  2  0  0/0     7:22   0:00   0:00 

Players Stats for Bruins

Player Name              G  A  P  +/- PIM S  H  SB GA TA FO     MP     PP MP  PK MP  
------------------------------------------------------------------------------------
Alex Killorn             0  0  0  -1  0   3  0  1  2  2  9/20   19:16   4:01   2:40 
Anton Lander             0  0  0   0  0   3  1  0  1  1  7/11   16:20   0:00   3:14 
Anze Kopitar             0  0  0   0  2   0  0  0  0  0  11/24  23:55   5:06   5:19 
Brenden Dillon           0  0  0   0  0   0  0  1  0  0  0/0     1:23   0:00   0:31 
Cody Eakin               0  0  0  -1  0   1  2  2  0  1  0/1    18:04   4:01   0:35 
Conor Allen              0  0  0  -1  4   0  3  3  1  0  0/0    22:00   1:07   4:29 
Dennis Everberg          0  0  0   0  0   1  0  0  2  1  0/0    11:33   0:00   0:00 
Jeff Petry               0  0  0  -1  0   0  1  0  0  1  0/0    11:14   0:00   0:00 
Jim Slater               0  1  1   1  0   1  1  1  0  0  2/6     4:01   0:00   0:00 
Jiri Sekac               0  0  0   0  0   2  1  0  1  0  0/2    11:33   0:00   0:00 
Leon Draisaitl           0  1  1   1  0   0  0  0  0  0  0/0     4:01   0:00   0:00 
Matt Duchene             1  1  2  -1  0   5  2  1  5  2  1/2    23:21   5:07   7:48 
Mikkel Boedker           0  0  0  -1  0   1  1  0  5  1  2/2    15:36   4:01   0:00 
Mirco Mueller            0  0  0   0  0   1  0  1  0  0  0/0     6:00   1:52   1:06 
Nate Guenin              0  0  0   0  0   0  0  3  0  1  0/0    24:49   3:48   4:44 
Nick Holden              0  0  0   0  0   0  2  2  0  0  0/0    26:23   6:09   7:21 
Shea Weber               1  1  2   0  6   5  3  4  0  1  0/0    29:54   5:20   4:05 
Tommy Wingels            1  1  2  -1  0   1  2  1  0  0  1/1    18:27   5:07   2:40 

3 Stars

1 - Mike Fisher (Car)
2 - Tommy Wingels (Bos)
3 - Matt Duchene (Bos)

Power Play

Hurricanes - 0 on 6 Attempt(s) - 0.00%
Bruins - 2 on 6 Attempt(s) - 33.33%

Penalty Kill

Hurricanes - 4 on 6 Attempt(s) - 66.67% - Score 0 goal in Penalty Kill
Bruins - 6 on 6 Attempt(s) - 100.00% - Score 0 goal in Penalty Kill

Team Stat

Hurricanes - Hits : 18 - Faceoff Wins : 36 - Blocked Shots : 11 - Penalty Minutes : 12
Bruins - Hits : 19 - Faceoff Wins : 33 - Blocked Shots : 20 - Penalty Minutes : 12

Official

Referees : Unknown
Linesman : Unknown

Game Notes

Mirco Mueller is injured at 18:03 of 1st period (Left Hand)
Marco Scandella is injured at 17:45 of 2nd period (Bruised Left Shoulder)

Finance

Level 1 -- Attendance: 5400 (90.00%) -- Ticket Income $432,000
Level 2 -- Attendance: 4744 (94.88%) -- Ticket Income $251,432
Level 3 -- Attendance: 1784 (89.20%) -- Ticket Income $49,952
Level 4 -- Attendance: 3544 (88.60%) -- Ticket Income $60,248
Luxury Box -- Attendance: 872 (87.20%) -- Ticket Income $153,472
Game was played at the TD Banknorth Garden.
Total Attendance: 16344 (90.80%)
Total Ticket Income: $947,104
Other Income: $464,081
Total Income: $1,411,185

Hurricanes

5 vs 5 Forward 
   Center                   Left Wing                Right Wing               Time % Phy DF OF 
 1 Mike Fisher              Josh Bailey              Marian Gaborik           28     0   2  3  
 2 Eric Staal               Kris Versteeg            Jiri Hudler              27     0   2  3  
 3 Martin Hanzal            Mikhail Grabovski        Matt Read                25     0   2  3  
 4 Brian Flynn              Viktor Stalberg          Stephen Gionta           20     0   2  3  

5 vs 5 Defense 
   Defense                  Defense                                           Time % Phy DF OF 
 1 Jared Spurgeon           Stephane Robidas                                  35     0   2  3  
 2 Thomas Hickey            Marco Scandella                                   35     0   2  3  
 3 Fedor Tyutin             Mike Weaver                                       30     1   2  2  
 4 Jared Spurgeon           Stephane Robidas                                  0      0   2  3  

PowerPlay Forward 
   Center                   Left Wing                Right Wing               Time % Phy DF OF 
 1 Mike Fisher              Josh Bailey              Marian Gaborik           50     0   1  4  
 2 Eric Staal               Kris Versteeg            Jiri Hudler              50     0   1  4  

PowerPlay Defense
   Defense                  Defense                                           Time % Phy DF OF 
 1 Jared Spurgeon           Stephane Robidas                                  50     0   1  4  
 2 Thomas Hickey            Marco Scandella                                   50     0   1  4  

Penalty Kill 4 Players Forward 
   Center                   Wing                     Time % Phy DF OF 
 1 Brian Flynn              Stephen Gionta           50     0   4  1  
 2 Martin Hanzal            Matt Read                50     0   4  1  

Penalty Kill 4 Players Defense
   Defense                  Defense                  Time % Phy DF OF 
 1 Fedor Tyutin             Mike Weaver              50     1   4  0  
 2 Jared Spurgeon           Stephane Robidas         50     1   4  0  

Penalty Kill - 3 Players Forward 
   Forward                                           Time % Phy DF OF 
 1 Brian Flynn                                       50     0   5  0  
 2 Martin Hanzal                                     50     0   5  0  

Penalty Kill - 3 Players Defense
   Defense                  Defense                  Time % Phy DF OF 
 1 Fedor Tyutin             Mike Weaver              50     1   4  0  
 2 Jared Spurgeon           Stephane Robidas         50     1   4  0  

4 vs 4 Forward 
   Center                   Wing                     Time % Phy DF OF 
 1 Mike Fisher              Marian Gaborik           50     0   3  2  
 2 Eric Staal               Jiri Hudler              50     0   3  2  

4 vs 4 Defense
   Defense                  Defense                  Time % Phy DF OF 
 1 Jared Spurgeon           Stephane Robidas         50     0   2  3  
 2 Thomas Hickey            Marco Scandella          50     0   2  3  

Last Minutes Offensive
   Center                   Left Wing                Right Wing               Defense                  Defense                  
   Mike Fisher              Jiri Hudler              Marian Gaborik           Jared Spurgeon           Marco Scandella          

Last Minutes Defensive
   Center                   Left Wing                Right Wing               Defense                  Defense                  
   Mike Fisher              Brian Flynn              Stephen Gionta           Fedor Tyutin             Mike Weaver              

Goaltenders
Starting : Jonas Hiller             
Backup : John Muse                

Extra Forwards
Normal : Mike Fisher, Jiri Hudler, Marian Gaborik - PP : Marian Gaborik, Jiri Hudler - PK : Brian Flynn
Extra Defensemen
Normal : Jared Spurgeon, Fedor Tyutin, Marco Scandella - PP : Fedor Tyutin - PK : Marco Scandella, Fedor Tyutin
Penalty Shots
Fedor Tyutin, Brian Flynn, Marian Gaborik, Josh Bailey, Jiri Hudler

Bruins

5 vs 5 Forward 
   Center                   Left Wing                Right Wing               Time % Phy DF OF 
 1 Anze Kopitar             Matt Duchene             Tommy Wingels            35     1   2  2  
 2 Alex Killorn             Cody Eakin               Mikkel Boedker           30     1   2  2  
 3 Anton Lander             Dennis Everberg          Jiri Sekac               22     1   2  2  
 4 Jim Slater               Leon Draisaitl           Anze Kopitar             13     1   2  2  

5 vs 5 Defense 
   Defense                  Defense                                           Time % Phy DF OF 
 1 Shea Weber               Nick Holden                                       35     1   2  2  
 2 Nate Guenin              Mirco Mueller                                     30     1   2  2  
 3 Jeff Petry               Conor Allen                                       22     1   2  2  
 4 Shea Weber               Nick Holden                                       13     1   2  2  

PowerPlay Forward 
   Center                   Left Wing                Right Wing               Time % Phy DF OF 
 1 Anze Kopitar             Matt Duchene             Tommy Wingels            60     1   2  2  
 2 Alex Killorn             Cody Eakin               Mikkel Boedker           40     1   2  2  

PowerPlay Defense
   Defense                  Defense                                           Time % Phy DF OF 
 1 Shea Weber               Nick Holden                                       60     1   2  2  
 2 Nate Guenin              Mirco Mueller                                     40     1   2  2  

Penalty Kill 4 Players Forward 
   Center                   Wing                     Time % Phy DF OF 
 1 Anze Kopitar             Matt Duchene             60     1   2  2  
 2 Alex Killorn             Tommy Wingels            40     1   2  2  

Penalty Kill 4 Players Defense
   Defense                  Defense                  Time % Phy DF OF 
 1 Shea Weber               Nick Holden              60     1   2  2  
 2 Nate Guenin              Mirco Mueller            40     1   2  2  

Penalty Kill - 3 Players Forward 
   Forward                                           Time % Phy DF OF 
 1 Tommy Wingels                                     60     1   2  2  
 2 Matt Duchene                                      40     1   2  2  

Penalty Kill - 3 Players Defense
   Defense                  Defense                  Time % Phy DF OF 
 1 Shea Weber               Nick Holden              60     1   2  2  
 2 Nate Guenin              Mirco Mueller            40     1   2  2  

4 vs 4 Forward 
   Center                   Wing                     Time % Phy DF OF 
 1 Cody Eakin               Matt Duchene             60     1   2  2  
 2 Alex Killorn             Tommy Wingels            40     1   2  2  

4 vs 4 Defense
   Defense                  Defense                  Time % Phy DF OF 
 1 Shea Weber               Nick Holden              60     1   2  2  
 2 Nate Guenin              Mirco Mueller            40     1   2  2  

Last Minutes Offensive
   Center                   Left Wing                Right Wing               Defense                  Defense                  
   Anze Kopitar             Matt Duchene             Tommy Wingels            Shea Weber               Nick Holden              

Last Minutes Defensive
   Center                   Left Wing                Right Wing               Defense                  Defense                  
   Anze Kopitar             Matt Duchene             Tommy Wingels            Shea Weber               Nick Holden              

Goaltenders
Starting : Semyon Varlamov          
Backup : Philipp Grubauer         

Extra Forwards
Normal : Matt Duchene, Anton Lander, Tommy Wingels - PP : Matt Duchene, Anton Lander - PK : Matt Duchene
Extra Defensemen
Normal : Shea Weber, Conor Allen, Nate Guenin - PP : Nick Holden - PK : Conor Allen, Nate Guenin
Penalty Shots
Anton Lander, Matt Duchene, Alex Killorn, Tommy Wingels, Cody Eakin

% Time on Ice - Hurricanes

Lines # - Real PCT - Wanted PCT - Time Play
Normal Forward
1 - 28% - 28% - 10:51
2 - 28% - 27% - 10:49
3 - 24% - 25% - 9:14
4 - 19% - 20% - 7:22
Normal Defense
1 - 29% - 35% - 11:15
2 - 42% - 35% - 16:06
3 - 29% - 30% - 10:55
4 - 0% - 0% - 0:00
PP Forward
1 - 48% - 50% - 5:19
2 - 52% - 50% - 5:49
PP Defense
1 - 46% - 50% - 5:08
2 - 54% - 50% - 6:00
PK Forward
1 - 50% - 50% - 4:35
2 - 50% - 50% - 4:33
PK Defense
1 - 57% - 50% - 5:15
2 - 43% - 50% - 3:53
PK3 Forward
1 - 0% - 50%
2 - 0% - 50%
PK3 Defense
1 - 0% - 50%
2 - 0% - 50%
44 Forward
1 - 100% - 50% - 0:46
2 - 0% - 50% - 0:00
44 Defense
1 - 100% - 50% - 0:46
2 - 0% - 50% - 0:00
Last Minute Offensive  - 0:42
Last Minute Defensive  - 0:00
Total
Forward - 60:00
Defense - 60:00

% Time on Ice - Bruins

Lines # - Real PCT - Wanted PCT - Time Play
Normal Forward
1 - 28% - 35% - 10:47
2 - 32% - 30% - 12:35
3 - 30% - 22% - 11:35
4 - 10% - 13% - 4:01
Normal Defense
1 - 31% - 35% - 12:07
2 - 40% - 30% - 15:32
3 - 29% - 22% - 11:14
4 - 0% - 13% - 0:05
PP Forward
1 - 56% - 60% - 5:07
2 - 44% - 40% - 4:01
PP Defense
1 - 58% - 60% - 5:20
2 - 42% - 40% - 3:48
PK Forward
1 - 76% - 60% - 8:28
2 - 24% - 40% - 2:40
PK Defense
1 - 62% - 60% - 6:53
2 - 38% - 40% - 4:15
PK3 Forward
1 - 0% - 60%
2 - 0% - 40%
PK3 Defense
1 - 0% - 60%
2 - 0% - 40%
44 Forward
1 - 100% - 60% - 0:46
2 - 0% - 40% - 0:00
44 Defense
1 - 0% - 60% - 0:00
2 - 100% - 40% - 0:46
Last Minute Offensive  - 0:00
Last Minute Defensive  - 0:00
Total
Forward - 60:00
Defense - 60:00

Play by Play

1st period


0:01 of 1st period - Anze Kopitar wins face-off versus Mike Fisher in neutral zone.
0:22 of 1st period - Wrist shot by Matt Duchene.
0:22 of 1st period - Shot Blocked by Mike Fisher.
0:30 of 1st period - Wrist shot by Matt Duchene.
0:30 of 1st period - Shot Blocked by Jared Spurgeon.
0:54 of 1st period - Stephane Robidas is hit by Shea Weber and loses puck.
1:01 of 1st period - Snap shot by Alex Killorn.
1:01 of 1st period - Shot Misses the Net.
1:03 of 1st period - Wrist shot by Alex Killorn.
1:03 of 1st period - Shot Misses the Net.
1:05 of 1st period - Snap shot by Mirco Mueller.
1:05 of 1st period - Stopped by Jonas Hiller with a rebound.
1:13 of 1st period - Wrist shot by Mikkel Boedker.
1:13 of 1st period - Stopped by Jonas Hiller with a rebound.
1:39 of 1st period - Slapshot by Jiri Sekac.
1:39 of 1st period - Stopped by Jonas Hiller with a rebound.
1:51 of 1st period - Snap shot by Jiri Sekac.
1:51 of 1st period - Deflect By Anton Lander.
1:51 of 1st period - Shot Blocked by Jared Spurgeon.
1:51 of 1st period - Puck is out of play.
1:52 of 1st period - Martin Hanzal wins face-off versus Jim Slater in Hurricanes zone.
1:52 of 1st period - Martin Hanzal is hit by Jim Slater.
2:21 of 1st period - Minor Penalty to Conor Allen for Roughing.
2:22 of 1st period - Mike Fisher wins face-off versus Anze Kopitar in Bruins zone.
3:48 of 1st period - Marco Scandella is hit by Tommy Wingels and loses puck.
4:21 of 1st period - Penalty to Conor Allen is over, Conor Allen is back on ice.
4:36 of 1st period - Fedor Tyutin is hit by Nick Holden and loses puck.
4:49 of 1st period - Mike Weaver is hit by Jiri Sekac and loses puck.
5:04 of 1st period - Minor Penalty to Fedor Tyutin for Interference.
5:05 of 1st period - Alex Killorn wins face-off versus Martin Hanzal in Hurricanes zone.
7:04 of 1st period - Penalty to Fedor Tyutin is over, Fedor Tyutin is back on ice.
7:17 of 1st period - Minor Penalty to Conor Allen for Holding.
7:18 of 1st period - Anze Kopitar wins face-off versus Eric Staal in Bruins zone.
7:33 of 1st period - Wrist shot by Jiri Hudler.
7:33 of 1st period - Stopped by Semyon Varlamov without a rebound.
7:34 of 1st period - Anze Kopitar wins face-off versus Eric Staal in Bruins zone.
8:34 of 1st period - Mirco Mueller is hit by Marco Scandella and loses puck.
9:09 of 1st period - Shea Weber is hit by Jared Spurgeon and loses puck.
9:17 of 1st period - Penalty to Conor Allen is over, Conor Allen is back on ice.
9:20 of 1st period - Alex Killorn is hit by Mike Fisher and loses puck.
9:29 of 1st period - Snap shot by Marian Gaborik.
9:29 of 1st period - Shot Misses the Net.
9:31 of 1st period - Slapshot by Mike Weaver.
9:31 of 1st period - Deflect By Marian Gaborik.
9:31 of 1st period - Deflect By Tommy Wingels.
9:31 of 1st period - Shot Misses the Net.
9:31 of 1st period - Puck is out of play.
9:32 of 1st period - Mike Fisher wins face-off versus Anton Lander in Bruins zone.
10:24 of 1st period - Dennis Everberg is hit by Stephen Gionta and loses puck.
10:55 of 1st period - Snap shot by Marco Scandella.
10:55 of 1st period - Stopped by Semyon Varlamov with a rebound.
11:35 of 1st period - Snap shot by Shea Weber.
11:35 of 1st period - Stopped by Jonas Hiller with a rebound.
11:37 of 1st period - Snap shot by Jim Slater.
11:37 of 1st period - Shot Misses the Net.
11:57 of 1st period - Snap shot by Matt Duchene.
11:57 of 1st period - Stopped by Jonas Hiller without a rebound.
11:58 of 1st period - Mike Fisher wins face-off versus Anze Kopitar in Hurricanes zone.
11:58 of 1st period - Mike Fisher is hit by Tommy Wingels.
12:04 of 1st period - Slapshot by Marian Gaborik.
12:04 of 1st period - Shot Blocked by Nate Guenin.
12:21 of 1st period - Icing by Alex Killorn.
12:22 of 1st period - Martin Hanzal wins face-off versus Alex Killorn in Bruins zone.
12:49 of 1st period - Wrist shot by Mikhail Grabovski.
12:49 of 1st period - Stopped by Semyon Varlamov without a rebound.
12:50 of 1st period - Jim Slater wins face-off versus Brian Flynn in Bruins zone.
12:55 of 1st period - Slapshot by Shea Weber.
12:55 of 1st period - Goal by Shea Weber - Hurricanes : 0 - Bruins : 1.
12:56 of 1st period - Anton Lander wins face-off versus Mike Fisher in neutral zone.
13:00 of 1st period - Minor Penalty to Mike Fisher for Tripping.
13:01 of 1st period - Martin Hanzal wins face-off versus Anze Kopitar in Hurricanes zone.
13:10 of 1st period - Stephane Robidas is hit by Matt Duchene and loses puck.
13:23 of 1st period - Snap shot by Martin Hanzal.
13:23 of 1st period - Deflect By Matt Read.
13:23 of 1st period - Shot Blocked by Shea Weber.
13:23 of 1st period - Puck is out of play.
13:24 of 1st period - Martin Hanzal wins face-off versus Alex Killorn in Bruins zone.
13:31 of 1st period - Slapshot by Martin Hanzal.
13:31 of 1st period - Stopped by Semyon Varlamov with a rebound.
14:01 of 1st period - Snap shot by Alex Killorn.
14:01 of 1st period - Shot Blocked by Mike Weaver.
14:13 of 1st period - Minor Penalty to Anze Kopitar for Holding.
14:14 of 1st period - Jiri Hudler wins face-off versus Cody Eakin in Bruins zone.
14:33 of 1st period - Snap shot by Marian Gaborik.
14:33 of 1st period - Deflect By Jiri Hudler.
14:33 of 1st period - Stopped by Semyon Varlamov with a rebound.
14:51 of 1st period - Wrist shot by Marian Gaborik.
14:51 of 1st period - Shot Blocked by Mirco Mueller.
15:00 of 1st period - Penalty to Mike Fisher is over, Mike Fisher is back on ice.
15:22 of 1st period - Shea Weber is hit by Stephane Robidas and loses puck.
15:33 of 1st period - Shea Weber is hit by Kris Versteeg.
16:03 of 1st period - Marian Gaborik is hit by Shea Weber and loses puck.
16:13 of 1st period - Penalty to Anze Kopitar is over, Anze Kopitar is back on ice.
16:44 of 1st period - Wrist shot by Matt Read.
16:44 of 1st period - Shot Blocked by Jim Slater.
16:46 of 1st period - Wrist shot by Martin Hanzal.
16:46 of 1st period - Stopped by Semyon Varlamov without a rebound.
16:47 of 1st period - Brian Flynn wins face-off versus Jim Slater in Bruins zone.
16:55 of 1st period - Icing by Conor Allen.
16:56 of 1st period - Brian Flynn wins face-off versus Jim Slater in Bruins zone.
17:08 of 1st period - Jeff Petry is hit by Viktor Stalberg and loses puck.
17:33 of 1st period - Snap shot by Stephen Gionta.
17:33 of 1st period - Shot Hit the Post.
17:51 of 1st period - Dennis Everberg is hit by Matt Read and loses puck.
18:02 of 1st period - Mirco Mueller is hit by Martin Hanzal and loses puck.
18:03 of 1st period - Mirco Mueller from Bruins is injured at 18:03 of 1st period (Left Hand).
18:04 of 1st period - Mike Fisher wins face-off versus Anze Kopitar in Bruins zone.
18:21 of 1st period - Snap shot by Josh Bailey.
18:21 of 1st period - Stopped by Semyon Varlamov with a rebound.
18:23 of 1st period - Backhand shot by Marco Scandella.
18:23 of 1st period - Stopped by Semyon Varlamov with a rebound.
18:25 of 1st period - Snap shot by Marco Scandella.
18:25 of 1st period - Stopped by Semyon Varlamov with a rebound.
18:27 of 1st period - Slapshot by Marian Gaborik.
18:27 of 1st period - Stopped by Semyon Varlamov without a rebound.
18:28 of 1st period - Eric Staal wins face-off versus Alex Killorn in Bruins zone.
19:04 of 1st period - Off-side.
19:05 of 1st period - Anze Kopitar wins face-off versus Mike Fisher in neutral zone.
19:25 of 1st period - Minor Penalty to Thomas Hickey for Slashing.
19:26 of 1st period - Anze Kopitar wins face-off versus Brian Flynn in Hurricanes zone.
19:38 of 1st period - Wrist shot by Matt Duchene.
19:38 of 1st period - Deflect By Tommy Wingels.
19:38 of 1st period - Shot Blocked by Brian Flynn.
19:38 of 1st period - Puck is out of play.
19:39 of 1st period - Anze Kopitar wins face-off versus Brian Flynn in Hurricanes zone.
19:52 of 1st period - Wrist shot by Tommy Wingels.
19:52 of 1st period - Shot Blocked by Brian Flynn.
Goals for this period are 0 for Hurricanes vs 1 for Bruins.
Shots for this period are 10 for Hurricanes vs 6 for Bruins.

2nd period


0:01 of 2nd period - Brian Flynn wins face-off versus Anze Kopitar in neutral zone.
0:12 of 2nd period - Snap shot by Tommy Wingels.
0:12 of 2nd period - Shot Misses the Net.
0:14 of 2nd period - Snap shot by Tommy Wingels.
0:14 of 2nd period - Deflect By Matt Duchene.
0:14 of 2nd period - Goal by Matt Duchene - Hurricanes : 0 - Bruins : 2.
0:15 of 2nd period - Josh Bailey wins face-off versus Anze Kopitar in neutral zone.
0:50 of 2nd period - Snap shot by Marian Gaborik.
0:50 of 2nd period - Stopped by Semyon Varlamov with a rebound.
0:52 of 2nd period - Wrist shot by Marco Scandella.
0:52 of 2nd period - Stopped by Semyon Varlamov with a rebound.
1:01 of 2nd period - Off-side.
1:02 of 2nd period - Alex Killorn wins face-off versus Martin Hanzal in neutral zone.
1:09 of 2nd period - Slapshot by Mikkel Boedker.
1:09 of 2nd period - Deflect By Cody Eakin.
1:09 of 2nd period - Stopped by Jonas Hiller with a rebound.
1:21 of 2nd period - Snap shot by Martin Hanzal.
1:21 of 2nd period - Shot Blocked by Shea Weber.
1:25 of 2nd period - Snap shot by Matt Read.
1:25 of 2nd period - Shot Misses the Net.
1:27 of 2nd period - Slapshot by Stephane Robidas.
1:27 of 2nd period - Stopped by Semyon Varlamov with a rebound.
1:29 of 2nd period - Slapshot by Stephane Robidas.
1:29 of 2nd period - Shot Misses the Net.
1:31 of 2nd period - Slapshot by Jared Spurgeon.
1:31 of 2nd period - Deflect By Martin Hanzal.
1:31 of 2nd period - Shot Misses the Net.
1:31 of 2nd period - Puck is out of play.
1:32 of 2nd period - Anton Lander wins face-off versus Eric Staal in Bruins zone.
1:36 of 2nd period - Off-side.
1:37 of 2nd period - Eric Staal wins face-off versus Anton Lander in neutral zone.
2:26 of 2nd period - Off-side.
2:27 of 2nd period - Mike Fisher wins face-off versus Anze Kopitar in neutral zone.
3:24 of 2nd period - Cody Eakin is hit by Martin Hanzal and loses puck.
3:31 of 2nd period - Snap shot by Shea Weber.
3:31 of 2nd period - Shot Blocked by Thomas Hickey.
3:33 of 2nd period - Snap shot by Alex Killorn.
3:33 of 2nd period - Stopped by Jonas Hiller without a rebound.
3:34 of 2nd period - Mikkel Boedker wins face-off versus Brian Flynn in Hurricanes zone.
4:01 of 2nd period - Jared Spurgeon is hit by Cody Eakin and loses puck.
4:21 of 2nd period - Icing by Anton Lander.
4:22 of 2nd period - Eric Staal wins face-off versus Anton Lander in Bruins zone.
4:38 of 2nd period - Icing by Nate Guenin.
4:39 of 2nd period - Mike Fisher wins face-off versus Jiri Sekac in Bruins zone.
4:53 of 2nd period - Marco Scandella is hit by Anton Lander and loses puck.
4:58 of 2nd period - Slapshot by Shea Weber.
4:58 of 2nd period - Shot Blocked by Marco Scandella.
5:00 of 2nd period - Slapshot by Anton Lander.
5:00 of 2nd period - Stopped by Jonas Hiller without a rebound.
5:01 of 2nd period - Mikhail Grabovski wins face-off versus Anze Kopitar in Hurricanes zone.
5:22 of 2nd period - Wrist shot by Matt Duchene.
5:22 of 2nd period - Stopped by Jonas Hiller with a rebound.
5:24 of 2nd period - Slapshot by Shea Weber.
5:24 of 2nd period - Shot Misses the Net.
5:26 of 2nd period - Slapshot by Shea Weber.
5:26 of 2nd period - Stopped by Jonas Hiller without a rebound.
5:27 of 2nd period - Mikkel Boedker wins face-off versus Mike Fisher in Hurricanes zone.
5:38 of 2nd period - Snap shot by Mikkel Boedker.
5:38 of 2nd period - Shot Misses the Net.
5:40 of 2nd period - Wrist shot by Shea Weber.
5:40 of 2nd period - Shot Misses the Net.
5:58 of 2nd period - Wrist shot by Mike Fisher.
5:58 of 2nd period - Goal by Mike Fisher - Hurricanes : 1 - Bruins : 2.
5:59 of 2nd period - Eric Staal wins face-off versus Anze Kopitar in neutral zone.
7:02 of 2nd period - Alex Killorn is hit by Matt Read and loses puck.
7:09 of 2nd period - Snap shot by Alex Killorn.
7:09 of 2nd period - Stopped by Jonas Hiller without a rebound.
7:10 of 2nd period - Brian Flynn wins face-off versus Jiri Sekac in Hurricanes zone.
7:37 of 2nd period - Snap shot by Jiri Sekac.
7:37 of 2nd period - Stopped by Jonas Hiller with a rebound.
7:45 of 2nd period - Brian Flynn is hit by Jeff Petry and loses puck.
8:07 of 2nd period - Wrist shot by Marian Gaborik.
8:07 of 2nd period - Stopped by Semyon Varlamov with a rebound.
8:09 of 2nd period - Wrist shot by Mike Fisher.
8:09 of 2nd period - Stopped by Semyon Varlamov without a rebound.
8:10 of 2nd period - Jim Slater wins face-off versus Mike Fisher in Bruins zone.
8:21 of 2nd period - Wrist shot by Shea Weber.
8:21 of 2nd period - Stopped by Jonas Hiller without a rebound.
8:22 of 2nd period - Alex Killorn wins face-off versus Martin Hanzal in Hurricanes zone.
8:35 of 2nd period - Snap shot by Martin Hanzal.
8:35 of 2nd period - Shot Blocked by Cody Eakin.
9:38 of 2nd period - Wrist shot by Dennis Everberg.
9:38 of 2nd period - Stopped by Jonas Hiller without a rebound.
9:39 of 2nd period - Anze Kopitar wins face-off versus Eric Staal in Hurricanes zone.
10:34 of 2nd period - Wrist shot by Marian Gaborik.
10:34 of 2nd period - Goal by Marian Gaborik - Hurricanes : 2 - Bruins : 2.
10:35 of 2nd period - Mike Fisher wins face-off versus Alex Killorn in neutral zone.
11:29 of 2nd period - Minor Penalty to Shea Weber for Hooking.
11:30 of 2nd period - Eric Staal wins face-off versus Anze Kopitar in Bruins zone.
11:55 of 2nd period - Slapshot by Eric Staal.
11:55 of 2nd period - Shot Blocked by Nate Guenin.
11:57 of 2nd period - Snap shot by Eric Staal.
11:57 of 2nd period - Shot Misses the Net.
12:23 of 2nd period - Matt Duchene is hit by Stephane Robidas.
12:59 of 2nd period - Snap shot by Jiri Hudler.
12:59 of 2nd period - Shot Blocked by Conor Allen.
13:12 of 2nd period - Off-side.
13:13 of 2nd period - Mike Fisher wins face-off versus Alex Killorn in neutral zone.
13:17 of 2nd period - Off-side.
13:18 of 2nd period - Mike Fisher wins face-off versus Alex Killorn in neutral zone.
13:29 of 2nd period - Penalty to Shea Weber is over, Shea Weber is back on ice.
13:34 of 2nd period - Off-side.
13:35 of 2nd period - Brian Flynn wins face-off versus Anton Lander in neutral zone.
13:38 of 2nd period - Wrist shot by Viktor Stalberg.
13:38 of 2nd period - Shot Misses the Net.
13:40 of 2nd period - Slapshot by Fedor Tyutin.
13:40 of 2nd period - Deflect By Brian Flynn.
13:40 of 2nd period - Shot Misses the Net.
13:40 of 2nd period - Puck is out of play.
13:41 of 2nd period - Anton Lander wins face-off versus Brian Flynn in Bruins zone.
14:17 of 2nd period - Icing by Nick Holden.
14:18 of 2nd period - Anton Lander wins face-off versus Eric Staal in Bruins zone.
15:09 of 2nd period - Snap shot by Marian Gaborik.
15:09 of 2nd period - Shot Misses the Net.
16:51 of 2nd period - Wrist shot by Viktor Stalberg.
16:51 of 2nd period - Shot Misses the Net.
16:53 of 2nd period - Slapshot by Stephane Robidas.
16:53 of 2nd period - Stopped by Semyon Varlamov without a rebound.
16:54 of 2nd period - Eric Staal wins face-off versus Alex Killorn in Bruins zone.
17:11 of 2nd period - Jared Spurgeon is hit by Conor Allen.
17:43 of 2nd period - Icing by Jared Spurgeon.
17:44 of 2nd period - Anton Lander wins face-off versus Mike Fisher in Hurricanes zone.
17:45 of 2nd period - Slapshot by Shea Weber.
17:45 of 2nd period - Shot Blocked by Marco Scandella.
17:45 of 2nd period - Marco Scandella from Hurricanes is injured at 17:45 of 2nd period (Bruised Left Shoulder).
17:46 of 2nd period - Anze Kopitar wins face-off versus Marian Gaborik in Hurricanes zone.
18:09 of 2nd period - Wrist shot by Josh Bailey.
18:09 of 2nd period - Shot Blocked by Shea Weber.
18:11 of 2nd period - Slapshot by Jared Spurgeon.
18:11 of 2nd period - Stopped by Semyon Varlamov without a rebound.
18:12 of 2nd period - Eric Staal wins face-off versus Alex Killorn in Bruins zone.
19:03 of 2nd period - Wrist shot by Martin Hanzal.
19:03 of 2nd period - Shot Misses the Net.
19:05 of 2nd period - Slapshot by Jared Spurgeon.
19:05 of 2nd period - Shot Blocked by Shea Weber.
19:13 of 2nd period - Wrist shot by Matt Read.
19:13 of 2nd period - Shot Misses the Net.
19:26 of 2nd period - Minor Penalty to Mikhail Grabovski for Roughing.
19:27 of 2nd period - Brian Flynn wins face-off versus Anze Kopitar in Hurricanes zone.
19:33 of 2nd period - Slapshot by Jared Spurgeon.
19:33 of 2nd period - Stopped by Semyon Varlamov without a rebound.
19:34 of 2nd period - Tommy Wingels wins face-off versus Brian Flynn in Bruins zone.
Goals for this period are 2 for Hurricanes vs 1 for Bruins.
Shots for this period are 10 for Hurricanes vs 10 for Bruins.

3rd period


0:01 of 3rd period - Martin Hanzal wins face-off versus Matt Duchene in neutral zone.
0:33 of 3rd period - Slapshot by Matt Duchene.
0:33 of 3rd period - Stopped by Jonas Hiller with a rebound.
0:35 of 3rd period - Snap shot by Tommy Wingels.
0:35 of 3rd period - Goal by Tommy Wingels - Hurricanes : 2 - Bruins : 3.
0:36 of 3rd period - Mike Fisher wins face-off versus Alex Killorn in neutral zone.
0:45 of 3rd period - Snap shot by Marian Gaborik.
0:45 of 3rd period - Deflect By Mike Fisher.
0:45 of 3rd period - Stopped by Semyon Varlamov without a rebound.
0:46 of 3rd period - Alex Killorn wins face-off versus Mike Fisher in Bruins zone.
0:52 of 3rd period - Off-side.
0:53 of 3rd period - Alex Killorn wins face-off versus Marian Gaborik in neutral zone.
1:14 of 3rd period - Snap shot by Alex Killorn.
1:14 of 3rd period - Stopped by Jonas Hiller without a rebound.
1:15 of 3rd period - Anze Kopitar wins face-off versus Brian Flynn in Hurricanes zone.
1:22 of 3rd period - Wrist shot by Matt Duchene.
1:22 of 3rd period - Stopped by Jonas Hiller with a rebound.
1:24 of 3rd period - Snap shot by Tommy Wingels.
1:24 of 3rd period - Shot Misses the Net.
1:26 of 3rd period - Snap shot by Tommy Wingels.
1:26 of 3rd period - Deflect By Matt Duchene.
1:26 of 3rd period - Shot Misses the Net.
1:26 of 3rd period - Puck is out of play.
1:27 of 3rd period - Brian Flynn wins face-off versus Anze Kopitar in Hurricanes zone.
1:55 of 3rd period - Wrist shot by Tommy Wingels.
1:55 of 3rd period - Shot Misses the Net.
1:57 of 3rd period - Slapshot by Jeff Petry.
1:57 of 3rd period - Deflect By Matt Duchene.
1:57 of 3rd period - Shot Misses the Net.
1:57 of 3rd period - Puck is out of play.
1:58 of 3rd period - Alex Killorn wins face-off versus Jiri Hudler in Hurricanes zone.
2:02 of 3rd period - Minor Penalty to Eric Staal for Cross-checking.
2:03 of 3rd period - Martin Hanzal wins face-off versus Alex Killorn in Hurricanes zone.
3:13 of 3rd period - Snap shot by Tommy Wingels.
3:13 of 3rd period - Shot Misses the Net.
3:52 of 3rd period - Off-side.
3:53 of 3rd period - Alex Killorn wins face-off versus Martin Hanzal in neutral zone.
4:02 of 3rd period - Penalty to Eric Staal is over, Eric Staal is back on ice.
4:20 of 3rd period - Jiri Hudler is hit by Conor Allen and loses puck.
4:45 of 3rd period - Minor Penalty to Kris Versteeg for Slashing.
4:46 of 3rd period - Matt Duchene wins face-off versus Martin Hanzal in Hurricanes zone.
5:45 of 3rd period - Stephen Gionta is hit by Cody Eakin and loses puck.
6:45 of 3rd period - Penalty to Kris Versteeg is over, Kris Versteeg is back on ice.
7:08 of 3rd period - Wrist shot by Anton Lander.
7:08 of 3rd period - Shot Misses the Net.
7:10 of 3rd period - Wrist shot by Anton Lander.
7:10 of 3rd period - Stopped by Jonas Hiller without a rebound.
7:11 of 3rd period - Anton Lander wins face-off versus Eric Staal in Hurricanes zone.
7:49 of 3rd period - Icing by Thomas Hickey.
7:50 of 3rd period - Eric Staal wins face-off versus Jim Slater in Hurricanes zone.
7:55 of 3rd period - Eric Staal is hit by Shea Weber and loses puck.
8:10 of 3rd period - Snap shot by Jim Slater.
8:10 of 3rd period - Stopped by Jonas Hiller without a rebound.
8:11 of 3rd period - Mike Fisher wins face-off versus Anze Kopitar in Hurricanes zone.
9:02 of 3rd period - Cody Eakin is hit by Martin Hanzal and loses puck.
9:15 of 3rd period - Slapshot by Martin Hanzal.
9:15 of 3rd period - Stopped by Semyon Varlamov with a rebound.
9:29 of 3rd period - Shea Weber is hit by Thomas Hickey and loses puck.
11:01 of 3rd period - Snap shot by Matt Duchene.
11:01 of 3rd period - Shot Blocked by Thomas Hickey.
11:03 of 3rd period - Slapshot by Conor Allen.
11:03 of 3rd period - Shot Misses the Net.
12:18 of 3rd period - Matt Read is hit by Matt Duchene and loses puck.
12:29 of 3rd period - Jim Slater is hit by Stephane Robidas and loses puck.
13:01 of 3rd period - Brian Flynn is hit by Mikkel Boedker.
13:11 of 3rd period - Slapshot by Viktor Stalberg.
13:11 of 3rd period - Shot Blocked by Alex Killorn.
13:57 of 3rd period - Minor Penalty to Shea Weber for Interference.
13:58 of 3rd period - Anze Kopitar wins face-off versus Jiri Hudler in Bruins zone.
14:19 of 3rd period - Slapshot by Eric Staal.
14:19 of 3rd period - Stopped by Semyon Varlamov with a rebound.
14:21 of 3rd period - Slapshot by Stephane Robidas.
14:21 of 3rd period - Stopped by Semyon Varlamov with a rebound.
14:23 of 3rd period - Slapshot by Jared Spurgeon.
14:23 of 3rd period - Shot Misses the Net.
14:25 of 3rd period - Wrist shot by Stephane Robidas.
14:25 of 3rd period - Shot Misses the Net.
14:27 of 3rd period - Snap shot by Kris Versteeg.
14:27 of 3rd period - Shot Misses the Net.
14:29 of 3rd period - Wrist shot by Jiri Hudler.
14:29 of 3rd period - Shot Blocked by Nick Holden.
14:31 of 3rd period - Slapshot by Stephane Robidas.
14:31 of 3rd period - Shot Blocked by Nick Holden.
14:52 of 3rd period - Snap shot by Mike Fisher.
14:52 of 3rd period - Shot Misses the Net.
14:54 of 3rd period - Wrist shot by Josh Bailey.
14:54 of 3rd period - Shot Blocked by Matt Duchene.
14:56 of 3rd period - Slapshot by Fedor Tyutin.
14:56 of 3rd period - Stopped by Semyon Varlamov without a rebound.
14:57 of 3rd period - Alex Killorn wins face-off versus Mike Fisher in Bruins zone.
15:08 of 3rd period - Nate Guenin is hit by Mike Fisher and loses puck.
15:53 of 3rd period - Slapshot by Marian Gaborik.
15:53 of 3rd period - Shot Blocked by Conor Allen.
15:55 of 3rd period - Snap shot by Josh Bailey.
15:55 of 3rd period - Shot Blocked by Tommy Wingels.
15:57 of 3rd period - Penalty to Shea Weber is over, Shea Weber is back on ice.
16:11 of 3rd period - Jared Spurgeon is hit by Conor Allen.
16:18 of 3rd period - Icing by Nate Guenin.
16:19 of 3rd period - Alex Killorn wins face-off versus Martin Hanzal in Bruins zone.
16:46 of 3rd period - Slapshot by Shea Weber.
16:46 of 3rd period - Deflect By Anton Lander.
16:46 of 3rd period - Stopped by Jonas Hiller without a rebound.
16:47 of 3rd period - Anton Lander wins face-off versus Brian Flynn in Hurricanes zone.
16:54 of 3rd period - Slapshot by Anton Lander.
16:54 of 3rd period - Shot Blocked by Mike Weaver.
16:56 of 3rd period - Slapshot by Shea Weber.
16:56 of 3rd period - Stopped by Jonas Hiller without a rebound.
16:57 of 3rd period - Brian Flynn wins face-off versus Alex Killorn in Hurricanes zone.
16:57 of 3rd period - Brian Flynn is hit by Nick Holden.
17:08 of 3rd period - Minor Penalty to Shea Weber for Roughing.
17:09 of 3rd period - Anze Kopitar wins face-off versus Mike Fisher in Bruins zone.
17:21 of 3rd period - Snap shot by Marian Gaborik.
17:21 of 3rd period - Shot Misses the Net.
17:23 of 3rd period - Wrist shot by Marian Gaborik.
17:23 of 3rd period - Shot Blocked by Nate Guenin.
18:08 of 3rd period - Nate Guenin is hit by Jared Spurgeon and loses puck.
18:43 of 3rd period - Alex Killorn is hit by Mike Fisher and loses puck.
19:06 of 3rd period - Hurricanes, Jonas Hiller is pulled from the net.
19:08 of 3rd period - Penalty to Shea Weber is over, Shea Weber is back on ice.
19:10 of 3rd period - Snap shot by Eric Staal.
19:10 of 3rd period - Shot Blocked by Cody Eakin.
19:12 of 3rd period - Slapshot by Thomas Hickey.
19:12 of 3rd period - Shot Misses the Net.
19:14 of 3rd period - Slapshot by Fedor Tyutin.
19:14 of 3rd period - Stopped by Semyon Varlamov with a rebound.
19:34 of 3rd period - Slapshot by Jiri Hudler.
19:34 of 3rd period - Stopped by Semyon Varlamov with a rebound.
19:36 of 3rd period - Slapshot by Mike Weaver.
19:36 of 3rd period - Shot Blocked by Conor Allen.
19:38 of 3rd period - Snap shot by Mike Fisher.
19:38 of 3rd period - Shot Blocked by Brenden Dillon.
19:40 of 3rd period - Snap shot by Jared Spurgeon.
19:40 of 3rd period - Shot Misses the Net.
19:42 of 3rd period - Snap shot by Jared Spurgeon.
19:42 of 3rd period - Shot Misses the Net.
Goals for this period are 0 for Hurricanes vs 1 for Bruins.
Shots for this period are 7 for Hurricanes vs 8 for Bruins.